Map: 어비설 리프 - 래더

Players

TREVI - Winner!

  • Race: Protoss Protoss
  • League: Grandmaster
  • Spawn Location: 11:00

장훈

  • Race: Terran Terran
  • League: Master
  • Spawn Location: 5:00

VOD

Have the link to the VOD?

Description

Time

  • Played on: March 12, 2017, 8:30 p.m.
  • Length: 11:13
Show
View Real Time Build Order
Export as new Build Order

TREVI Protoss - Winner!

Build Orders: 1 Gate Expand, Oracle Opening 

Get SALT Encoding   

  12  0:01  Probe (Chrono Boost)  
  13  0:11  Probe (Chrono Boost)  
  14  0:17  Pylon  
  14  0:22  Probe (Chrono Boost)  
  16  0:35  Probe (Chrono Boost)  
  16  0:36  Gateway  
  16  0:45  Assimilator  
  16  0:46  Probe (Chrono Boost)  
  18  0:57  Probe (Chrono Boost)  
  18  1:15  Nexus  
  18  1:27  Cybernetics Core  
  18  1:28  Probe (Chrono Boost)  
  19  1:35  Assimilator  
  19  1:39  Probe (Chrono Boost)  
  20  1:49  Probe (Chrono Boost)  
  21  1:55  Pylon  
  21  2:00  Probe (Chrono Boost)  
  22  2:10  Probe (Chrono Boost)  
  23  2:17  Stargate  
  23  2:21  Probe (Chrono Boost)  
  24  2:25  Warp Gate  
  24  2:27  Probe (Chrono Boost)  
  25  2:31  Probe (Chrono Boost), Adept  
  28  2:38  Probe (Chrono Boost)  
  28  2:42  Probe (Chrono Boost)  
  30  2:48  Probe (Chrono Boost)  
  30  2:49  Pylon  
  31  2:53  Probe (Chrono Boost)  
  31  2:55  Oracle  
  34  2:59  Probe (Chrono Boost)  
  34  3:02  Adept  
  39  3:06  Probe (Chrono Boost)  
  39  3:09  Probe (Chrono Boost)  
  40  3:18  Probe (Chrono Boost)  
  41  3:20  Probe (Chrono Boost)  
  42  3:28  Oracle  
  42  3:30  Probe x2 (Chrono Boost)  
  42  3:31  Pylon  
  50  3:42  Probe (Chrono Boost)  
  50  3:43  Nexus  
  48  3:49  Probe (Chrono Boost)  
  48  3:52  Assimilator  
  48  3:54  Assimilator  
  51  3:56  Mothership Core (Chrono Boost)  
  51  4:08  Probe (Chrono Boost)  
  52  4:15  Probe (Chrono Boost)  
  52  4:16  Gateway x2  
  53  4:18  Probe (Chrono Boost)  
  53  4:20  Pylon  
  54  4:26  Probe (Chrono Boost)  
  54  4:29  Probe (Chrono Boost)  
  54  4:30  Robotics Facility  
  56  4:31  Twilight Council  
  56  4:34  Adept  
  56  4:38  Probe (Chrono Boost)  
  59  4:40  Probe (Chrono Boost)  
  60  4:48  Probe (Chrono Boost)  
  60  4:52  Probe (Chrono Boost)  
  62  4:58  Blink, Sentry  
  62  4:59  Probe (Chrono Boost)  
  65  5:01  Pylon  
  65  5:03  Probe (Chrono Boost)  
  65  5:06  Gateway x2  
  66  5:09  Probe (Chrono Boost)  
  67  5:16  Pylon, Probe (Chrono Boost)  
  67  5:17  Probe (Chrono Boost)  
  69  5:22  Probe (Chrono Boost)  
  69  5:27  Probe (Chrono Boost), Sentry, Pylon  
  74  5:28  Sentry  
  74  5:29  Probe (Chrono Boost), Stalker, Pylon  
  74  5:32  Observer  
  79  5:37  Gateway  
  79  5:45  Probe (Chrono Boost)  
  79  5:46  Probe (Chrono Boost)  
  81  5:58  Probe (Chrono Boost)  
  81  5:59  Probe (Chrono Boost)  
  81  6:02  Observer  
  84  6:05  Robotics Bay  
  84  6:07  Forge  
  84  6:10  Forge  
  84  6:11  Assimilator  
  84  6:14  Probe (Chrono Boost)  
  84  6:15  Assimilator  
  84  6:16  Probe (Chrono Boost)  
  86  6:20  Observer  
  86  6:24  Stalker x3, Adept x2  
  97  6:29  Protoss Ground Armor Level 1, Protoss Ground Weapons Level 1  
  97  6:30  Pylon x2  
  97  6:32  Pylon  
  97  6:51  Probe (Chrono Boost)  
  97  6:52  Probe (Chrono Boost), Photon Cannon, Pylon  
  97  6:53  Pylon  
  99  6:58  Gateway  
  99  7:00  Gateway, Void Ray  
  103  7:04  Extended Thermal Lance  
  103  7:13  Colossus  
  109  7:28  Pylon  
  109  7:30  Adept x2  
  109  7:32  Pylon  
  109  7:33  Resonating Glaives  
  113  7:37  Stalker x3  
  113  7:38  Adept  
  121  7:53  Pylon  
  121  7:56  Pylon  
  121  7:59  Colossus  
  121  8:09  Protoss Ground Armor Level 2, Void Ray, Protoss Ground Weapons Level 2  
  131  8:32  Nexus  
  131  8:34  Pylon  
  131  8:35  Pylon  
  131  8:37  Pylon  
  131  8:48  Colossus  
  130  8:52  Photon Cannon  
  137  9:10  Probe x2 (Chrono Boost)  
  137  9:12  Adept x4  
  137  9:13  Stalker x4  
  153  9:19  Probe (Chrono Boost)  
  153  9:22  Probe (Chrono Boost)  
  155  9:30  Pylon  
  155  9:37  Warp Prism, Adept x6  
  161  9:39  Adept x2  
  161  9:42  Probe x2 (Chrono Boost)  
  166  10:00  Stalker  
  166  10:01  Stalker x7  
  166  10:26  Adept x8  
  158  11:07  Stalker x3  
  158  11:08  Stalker x5  
Show
View Real Time Build Order
Export as new Build Order

장훈 Terran 

Build Orders: Command Center First (CC), MMM Bio 

Get SALT Encoding   

  12  0:00  SCV  
  13  0:12  SCV  
  14  0:17  Supply Depot  
  14  0:24  SCV  
  15  0:38  SCV  
  16  0:57  Command Center  
  16  1:07  Barracks  
  16  1:15  SCV  
  17  1:29  SCV  
  17  1:30  Barracks  
  18  1:53  Marine  
  19  1:54  Orbital Command  
  19  2:09  Orbital Command  
  19  2:22  Command Center  
  19  2:26  Marine  
  19  2:28  Marine  
  21  2:32  SCV  
  23  2:37  SCV  
  23  2:44  SCV, Marine  
  23  2:46  Marine  
  23  2:49  SCV  
  27  2:56  SCV  
  27  2:57  Refinery  
  28  3:01  SCV  
  28  3:02  Marine  
  28  3:04  Marine, Refinery  
  31  3:10  SCV  
  32  3:15  Barracks  
  32  3:18  SCV  
  32  3:19  Marine  
  33  3:22  SCV, Marine  
  36  3:30  SCV  
  37  3:34  SCV  
  37  3:35  Supply Depot  
  37  3:37  Marine  
  37  3:40  Marine  
  37  3:41  Orbital Command  
  40  3:42  SCV  
  40  3:46  SCV  
  42  3:54  SCV  
  42  3:55  Marine  
  43  3:57  Supply Depot  
  43  3:58  SCV, Marine  
  43  4:06  SCV  
  43  4:08  Barracks Tech Lab  
  43  4:10  SCV x2, Factory  
  43  4:15  Marine  
  46  4:19  SCV  
  46  4:20  Supply Depot, Barracks Reactor  
  46  4:22  SCV  
  48  4:25  SCV  
  48  4:26  Barracks  
  48  4:31  SCV  
  50  4:33  Stimpack  
  50  4:34  SCV  
  50  4:37  SCV  
  49  4:50  SCV x3  
  44  4:54  Marine  
  44  4:56  Marine x2  
  44  4:57  Starport, Factory Reactor  
  47  5:02  SCV x3  
  50  5:11  Engineering Bay x2  
  50  5:12  Marine  
  51  5:14  SCV x3  
  51  5:15  Barracks Tech Lab  
  51  5:16  Marine x2  
  56  5:24  Marine  
  56  5:26  SCV x3  
  60  5:30  Marine  
  61  5:38  SCV x3  
  64  5:45  Marine x3  
  64  5:50  SCV x3  
  64  5:51  Marine x2  
  61  5:59  Medivac x2  
  61  6:02  SCV  
  61  6:03  SCV x2, Marine x3  
  71  6:11  Starport  
  70  6:12  Refinery  
  70  6:14  SCV  
  70  6:15  SCV x2, Refinery  
  73  6:20  Missile Turret  
  73  6:23  Missile Turret  
  73  6:25  Missile Turret  
  73  6:26  SCV  
  73  6:27  SCV x2  
  76  6:33  Factory Reactor  
  76  6:36  Marine x3, Barracks Reactor  
  76  6:39  SCV x2  
  77  6:56  Supply Depot  
  77  6:57  Supply Depot x4  
  77  6:59  Terran Infantry Weapons Level 1  
  77  7:03  Terran Infantry Armor Level 1  
  77  7:17  Marine x2  
  77  7:18  Medivac x2, SCV x3, Widow Mine, Marine, Marauder  
  91  7:24  Marine  
  91  7:25  Marauder  
  94  7:30  SCV x3  
  97  7:39  Marine x2  
  97  7:40  Command Center  
  97  7:42  SCV x2  
  97  7:43  SCV  
  102  7:44  Barracks  
  102  7:49  Barracks  
  93  7:54  SCV  
  93  7:55  SCV  
  95  8:00  Combat Shields  
  95  8:01  Concussive Shells  
  95  8:02  Marine x2, Widow Mine x2, Marauder x2  
  95  8:03  Medivac x2  
  109  8:06  SCV  
  109  8:07  SCV  
  111  8:18  SCV  
  111  8:19  SCV  
  113  8:20  Viking  
  113  8:21  Armory, Marine  
  113  8:22  Marine  
  117  8:30  Supply Depot  
  117  8:31  Supply Depot x2  
  117  8:37  Marine  
  117  8:38  Marine  
  117  8:40  Marine  
  117  8:41  SCV, Marine  
  117  8:42  SCV  
  117  8:44  Marine  
  117  8:46  Marauder  
  117  8:52  Barracks Tech Lab x2  
  117  8:53  SCV, Orbital Command  
  117  8:54  SCV  
  119  8:55  Marine  
  119  8:56  Marine  
  119  8:57  Marine  
  119  8:59  Marine  
  119  9:02  Marauder  
  123  9:07  Marauder  
  121  9:12  Marine x2  
  121  9:13  Marine  
  121  9:14  Marine  
  125  9:20  Orbital Command  
  125  9:24  Marauder  
  127  9:29  Marauder, Marine x2  
  127  9:30  Marauder x2  
  127  9:31  Marine  
  135  9:32  Marine  
  136  9:45  Marauder  
  131  9:47  Marine  
  131  9:50  Marauder  
  131  9:51  Marine, Marauder x2  
  131  9:52  Viking x3  
  139  10:02  Marine x2  
  139  10:03  Widow Mine x2  
  139  10:06  Marauder  
  145  10:10  Refinery  
  145  10:11  Marauder, Refinery  
  145  10:13  Marauder  
  145  10:21  Marine x2, Marauder  
  119  10:22  Viking  
  119  10:24  Marine x2  
  119  10:28  Marauder  
  110  10:32  Viking x2  
  110  10:33  Marauder  
  110  10:34  Marauder  
  109  10:39  Marine x2  
  109  10:41  Marine x2  
  109  10:42  Marauder  
  115  10:49  Marauder  
  102  10:54  Marine  
  102  10:55  Marine  
Tags
 
Add a new tag
Caveats
  • Supply blocks, unpowered buildings, or Contaminate may cause inaccurate times.
  • Supply counts are checked every 10 seconds.